 Dungeon Crawl Stone Soup version 0.30-a0-986-g7f2e898f52 (webtiles) character file.

Game seed: 4362470663422674958

321807 Sobieck the Warrior (level 20, -3/174 HPs)
             Began as a Mummy Hunter on Apr 1, 2023.
             Was an Elder of Fedhas.
             Splashed by a brown very ugly thing's acid (5 damage)
             ... summoned by a boggart
             ... on level 3 of the Vaults.
             The game lasted 02:40:17 (50568 turns).

Sobieck the Warrior (Mummy Hunter)                 Turns: 50568, Time: 02:40:18

Health: -3/174     AC:  8    Str: 17    XL:     20   Next: 65%
Magic:  26/31      EV: 32    Int: 14    God:    Fedhas [****..]
Gold:   4223       SH:  5    Dex: 30    Spells: 19/19 levels left

rFire   + . .      SeeInvis +    a - +7 arbalest "Wotetimi" {drain, *Corrode rC+ Int+5, crossbow}
rCold   + + +      Faith    +    (shield currently unavailable)
rNeg    + + +      Spirit   .    Q - +2 leather armour "Anunel" {rF+ Regen+}
rPois   ∞          Reflect  +    Z - +0 helmet "Udilyepnyo" {rElec Regen+ rCorr}
rElec   +          Rampage  .    G - scarf {rC+ rF+}
rCorr   +                        n - +2 pair of gloves of the Saviour {rPois Will+ Str+3}
Will    +++..                    H - +2 pair of boots
Stlth   ++                       A - amulet of reflection
HPRegen 2.09/turn                X - +6 ring of dexterity
MPRegen 0.22/turn                K - ring of see invisible

@: about to teleport, corroded, studying Staves
A: cold resistance 1, negative energy resistance 3, torment resistance 2, heat
vulnerability 1, in touch with death 2, no potions, faith
}: 2/15 runes: decaying, gossamer
a: Renounce Religion, Wall of Briars, Grow Ballistomycete, Overgrow


You were on level 3 of the Vaults.
You worshipped Fedhas.
Fedhas was greatly pleased with you.
You visited 8 branches of the dungeon, and saw 38 of its levels.
You also visited: Ice Cave.

You collected 5509 gold pieces.
You spent 1286 gold pieces at shops.


Innate Abilities, Weirdness & Mutations

You are immune to poison.
Your flesh is cold resistant. (rC+)
You are immune to negative energy. (rN+++)
You are immune to unholy pain and torment.
You are vulnerable to heat. (rF-)
You are strongly in touch with the powers of death.
You do not drink.
You have a special connection with the divine. (Faith)


   Skills:
 + Level 19.1 Fighting
 - Level 18.0 Ranged Weapons
 + Level 18.1 Dodging
 - Level 0.7 Stealth
 - Level 15.0 Invocations


You had 19 spell levels left.
You didn't know any spells.
Your spell library contained the following spells:

 Spells                   Type           Power      Damage    Failure   Level
 Apportation              Tloc           0%         N/A       34%         1
 Kiss of Death            Conj/Necr      0%         2d5       34%         1
 Sandblast                Erth           0%         2d4       34%         1
 Slow                     Hex            0%         N/A       34%         1
 Sting                    Tmut/Pois      0%         1d3       34%         1
 Blink                    Tloc           0%         N/A       47%         2
 Cigotuvi's Dreadful Rot  Necr/Pois/Air  0%         N/A       47%         2
 Ensorcelled Hibernation  Hex/Ice        0%         N/A       47%         2
 Passwall                 Tmut/Erth      0%         N/A       47%         2
 Scorch                   Fire           0%         2d5       47%         2
 Confusing Touch          Hex            0%         N/A       71%         3
 Gell's Gravitas          Tloc           0%         N/A       71%         3
 Hailstorm                Conj/Ice       0%         3d3       71%         3
 Stone Arrow              Conj/Erth      0%         3d7       71%         3
 Teleport Other           Tloc           0%         N/A       71%         3
 Vampiric Draining        Necr           0%         2d6       71%         3
 Anguish                  Hex/Necr       0%         N/A       98%         4
 Animate Dead             Necr           0%         N/A       98%         4
 Dispel Undead            Necr           0%         3d6       98%         4
 Manifold Assault         Tloc           0%         N/A       98%         4
 Petrify                  Tmut/Erth      0%         N/A       98%         4
 Sticky Flame             Conj/Fire      0%         2d3       98%         4
 Alistair's Intoxication  Tmut/Pois      0%         N/A       100%        5
 Freezing Cloud           Conj/Ice/Air   0%         6-21      100%        5
 Irradiate                Conj/Tmut      0%         3d11      100%        5
 Iskenderun's Battlesphe  Conj           0%         2d6       100%        5
 Metabolic Englaciation   Hex/Ice        0%         N/A       100%        5
 Yara's Violent Unravell  Hex/Tmut       0%         3d3       100%        5
 Death Channel            Necr           0%         N/A       100%        6
 Dispersal                Tloc           0%         N/A       100%        6
 Simulacrum               Ice/Necr       0%         N/A       100%        6
 Summon Cactus Giant      Summ           0%         N/A       100%        6
 Enfeeble                 Hex            0%         N/A       100%        7
 Spellforged Servitor     Conj/Summ      0%         N/A       100%        7
 Infestation              Necr           0%         N/A       100%        8
 Polar Vortex             Ice            0%         N/A       100%        9
 Beastly Appendage        Tmut           Unusable   N/A       N/A         1
 Sublimation of Blood     Necr           Unusable   N/A       N/A         2
 Spider Form              Tmut/Pois      Unusable   N/A       N/A         3
 Ice Form                 Ice/Tmut       Unusable   N/A       N/A         4
 Blade Hands              Tmut           Unusable   N/A       N/A         5
 Statue Form              Tmut/Erth      Unusable   N/A       N/A         6
 Dragon Form              Tmut           Unusable   N/A       N/A         7
 Storm Form               Tmut/Air       Unusable   N/A       N/A         7
 Borgnjor's Revivificati  Necr           Unusable   N/A       N/A         8
 Necromutation            Tmut/Necr      Unusable   N/A       N/A         8
 Death's Door             Necr           Unusable   N/A       N/A         9

Inventory:

Hand Weapons
 a - the +7 arbalest "Wotetimi" (weapon) {drain, *Corrode rC+ Int+5, crossbow}
   (You acquired it on level 2 of the Dungeon)

   Int:       It affects your intelligence (+5).
   rC:        It protects you from cold.
   *Corrode:  It may corrode you when you take damage.
Missiles
 c - 16 curare-tipped darts {=fthrowing}
 f - 6 silver javelins {throwing}
 h - 5 javelins {throwing}
 i - 42 poisoned darts {throwing}
 j - 7 atropa-tipped darts {throwing}
 s - 12 boomerangs {throwing}
 D - 8 datura-tipped darts {throwing}
 F - 2 throwing nets {=f!fthrowing}
 W - 39 stones {throwing}
Armour
 n - the +2 pair of gloves of the Saviour (worn) {rPois Will+ Str+3}
   (You found it on level 4 of the Spider Nest)

   Str:       It affects your strength (+3).
   rPois:     It protects you from poison.
   Will:      It increases your willpower.
 p - the +0 buckler of the Moon {Contam rF+ rN+ Int+2}
   (You found it on level 4 of the Swamp)

   Int:       It affects your intelligence (+2).
   rF:        It protects you from fire.
   rN:        It protects you from negative energy.
   Contam:    It causes magical contamination when unequipped.
 G - a scarf of resistance (worn)
   (You found it on level 3 of the Elven Halls)
 H - a +2 pair of boots (worn)
   (You found it on level 4 of the Lair of Beasts)
 Q - the +2 leather armour "Anunel" (worn) {rF+ Regen+}
   (You found it on level 2 of the Spider Nest)

   rF:        It protects you from fire.
   Regen:     It increases your rate of health regeneration.
 Z - the +0 helmet "Udilyepnyo" (worn) {rElec Regen+ rCorr}
   (You bought it in a shop on level 1 of the Vaults)

   rElec:     It insulates you from electricity.
   Regen:     It increases your rate of health regeneration.
   rCorr:     It protects you from acid and corrosion.
Jewellery
 e - the ring "Licuat" {Fly rCorr Int+2}
   (You took it off a deep elf annihilator on level 3 of the Elven Halls)

   [ring of flight]

   Int:       It affects your intelligence (+2).
   Fly:       It grants you flight.
   rCorr:     It protects you from acid and corrosion.
 g - a ring of protection from cold
   (You found it on level 1 of the Dungeon)
 q - an amulet of regeneration {@e2}
   (You found it on level 1 of the Lair of Beasts)
 t - a +6 ring of dexterity
   (You found it on level 1 of the Elven Halls)
 v - a ring of protection from fire
   (You found it on level 4 of the Lair of Beasts)
 w - the ring of Finality {Fly Dex+4}
   (You found it on level 3 of the Elven Halls)

   [ring of flight]

   Dex:       It affects your dexterity (+4).
   Fly:       It grants you flight.
 A - an amulet of reflection (around neck)
   (You took it off a deep elf annihilator on level 3 of the Elven Halls)
 I - a ring of willpower
   (You found it on level 7 of the Dungeon)
 K - a ring of see invisible (right hand)
   (You took it off a deep elf master archer on level 3 of the Elven Halls)
 L - a +5 ring of evasion
   (You took it off a deep elf annihilator on level 3 of the Elven Halls)
 O - a ring of protection from cold
   (You found it on level 14 of the Dungeon)
 X - a +6 ring of dexterity (left hand)
   (You acquired it on level 4 of the Swamp)
Wands
 d - a wand of digging (6)
   (You found it on level 2 of the Elven Halls)
 x - a wand of acid (10)
   (You took it off Maggie on level 9 of the Dungeon)
 J - a wand of paralysis (38)
   (You found it on level 14 of the Dungeon)
 M - a wand of roots (39)
   (You found it on level 12 of the Dungeon)
 P - a wand of mindburst (47)
   (You found it on level 15 of the Dungeon)
 V - a wand of flame (23)
   (You found it on level 7 of the Dungeon)
Scrolls
 b - 6 scrolls of immolation {!r!r}
 k - 6 scrolls of poison
 l - 5 scrolls of vulnerability {!r!r}
 m - 2 scrolls of brand weapon
 o - 13 scrolls of teleportation {@r4}
 u - a scroll of fear
 y - 23 scrolls of identify {@r1}
 z - 3 scrolls of noise {!r}
 C - a scroll of silence {!r}
 E - 2 scrolls of enchant weapon
 R - 7 scrolls of fog
 U - 3 scrolls of magic mapping {!r}
 Y - a scroll of enchant armour
Miscellaneous
 r - a box of beasts
   (You found it on level 3 of the Elven Halls)
 B - a condenser vane
   (You found it on level 9 of the Dungeon)
 S - a tin of tremorstones (2/2) {throwing}
   (You found it on level 3 of the Spider Nest)
 T - a phantom mirror
   (You found it on level 2 of the Swamp)

Dungeon Overview and Level Annotations

Branches:
Dungeon (15/15) Zot: 25350  Temple (1/1) D:5 Zot: 5839    Lair (5/5) D:10 Zot: 22236
  Swamp (4/4) Lair:3 Zot: 18700  Spider (4/4) Lair:3 Zot: 16455   Slime (0/5) Lair:4
    Orc (2/2) D:12 Zot: 9808     Elf (3/3) Orc:2 Zot: 13453  Vaults (4/5) D:13 Zot: 17989
  Crypt (0/3) Vaults:2     Depths (0/4) D:15          IceCv (visited)

Altars:
Ashenzari
Cheibriados
Dithmenos
Fedhas
Gozag
Hepliaklqana
Kikubaaqudgha
Makhleb
Nemelex Xobeh
Qazlal
Ru
Sif Muna
Trog
Uskayaw
Vehumet
Wu Jian
Xom
Yredelemnul
Jiyva

Shops:
D:12 [   Orc:2 (![:   Elf:1 (   Elf:3 (   Vaults:1 [([

Annotations:
D:15 4 transporters
Lair:4 1 runed translucent door
Elf:2 3 runed translucent doors
Vaults:3 Xtahua

# .......###.# #
....H..# #.# #
.....§.###.#
...c..T..T.# .
.........pT+ #
.pp.###.....## ####### #
.Hu.##P§...## #...... #
#...u..uH.## #...... #
#.Hu..D@## #...... #
##################......
# #########
#......##...... #
#.......#
#......##...... #
#.......#
#......######## #
#..~~~..# #......# #
#..~~~..# #......#
#..~~~..# #......#
#.......# #......#


You could see Xtahua (drained, ally target), an ironbound preserver (summoned,
fleeing), 3 very ugly things, a vault warden (summoned, fleeing), a brown ugly
thing (summoned, fleeing), 3 deep trolls, a yaktaur (summoned, fleeing), 4
harpies and a friendly oklob sapling (summoned).


Message History

Your burning bush is covered in liquid flames!
The harpy closely misses the harpy.
The harpy claws the harpy.
Fire: a) +7 arbalest "Wotetimi" {drain, *Corrode rC+ Int+5, crossbow}
Press: ? - help, Q - select action, (/) - cycle Shift-Dir - straight line, f/p - Xtahua
Aim: Xtahua (severely wounded, lightly drained, ally target, 84% to hit)
You shoot a bolt. The bolt hits Xtahua!!
Your burning bush burns!
The harpy completely misses you. The harpy misses you.
The harpy claws your wandering mushroom but does no damage.
The harpy claws your wandering mushroom. x2
The harpy claws your wandering mushroom!
The harpy closely misses you. The harpy claws you but does no damage.
The brown very ugly thing basks in the mutagenic energy from its kin and changes!
The harpy claws your wandering mushroom!
Your wandering mushroom is destroyed!
Your wandering mushroom disappears in a puff of smoke!
Xtahua breathes fire at you. The searing blast hits you!!! You resist.
* * * LOW HITPOINT WARNING * * *
The brown very ugly thing completely misses you.
The boggart casts a spell.
The boggart blinks!
Your burning bush throws fire at the red very ugly thing.
The puff of flame hits the red very ugly thing.
The red very ugly thing resists.
The red very ugly thing basks in the mutagenic energy from its kin and changes!
You are engulfed in blazing flames.
You resist.
* * * LOW HITPOINT WARNING * * *
Your burning bush burns!
The harpy closely misses the brown very ugly thing.
The harpy claws the brown very ugly thing!
The harpy claws your burning bush! x2
Your burning bush is destroyed!
Your burning bush disappears in a puff of smoke!
You block the harpy's attack. The harpy closely misses you. x2
The harpy claws you but does no damage. Xtahua bites you!!
* * * LOW HITPOINT WARNING * * *
Xtahua completely misses you. Xtahua closely misses you.
The brown very ugly thing misses you.
The harpy barely misses Xtahua.
The harpy claws Xtahua but does no damage.
The harpy barely misses you. The harpy misses you.
Unknown command.
As you read the scroll of fear, it crumbles to dust.
You assume a fearsome visage.
The ironbound preserver looks frightened!
The harpy looks frightened! x5; Xtahua resists with some effort.
The vault warden looks frightened!
The yaktaur looks frightened! x2
The boggart looks frightened! x3; The yaktaur looks frightened!
The boggart looks frightened!
The brown very ugly thing looks frightened! x2
The white ugly thing looks frightened!
The white very ugly thing looks frightened!
The brown ugly thing looks frightened!
The deep troll looks frightened! x3
You are engulfed in blazing flames.
You resist.
* * * LOW HITPOINT WARNING * * *
The harpy closely misses the brown very ugly thing.
The harpy barely misses the brown very ugly thing.
The boggart casts a spell.
The boggart blinks!
The harpy claws the brown very ugly thing!
The harpy closely misses the brown very ugly thing.
The boggart gestures wildly while chanting.
The boggart blinks!
The boggart mumbles some strange words.
The boggart blinks!
The brown very ugly thing engulfs your oklob sapling.
Cornered, the harpy turns to fight!
The boggart casts a spell.
The boggart blinks!
Unknown command.
Fire: a) +7 arbalest "Wotetimi" {drain, *Corrode rC+ Int+5, crossbow}
Press: ? - help, Q - select action, (/) - cycle Shift-Dir - straight line, f/p - Xtahua
Aim: Xtahua (almost dead, not watching you, lightly drained, ally target, 84% to hit)
You shoot a bolt. The bolt hits Xtahua!
You are engulfed in blazing flames.
You resist.
* * * LOW HITPOINT WARNING * * *
The harpy barely misses the brown very ugly thing.
The harpy claws the brown very ugly thing.
The harpy's attack snaps the brown very ugly thing out of its fear.
The harpy claws itself!
The harpy is killed!
The harpy's corpse dissolves into shadows!
The harpy completely misses you. The harpy claws you.
* * * LOW HITPOINT WARNING * * *
Cornered, the harpy turns to fight!
Xtahua completely misses you. Xtahua barely misses you.
Xtahua completely misses you.
The brown very ugly thing completely misses you.
The boggart casts a spell.
The boggart blinks!
The boggart casts a spell.
The boggart blinks!
Xtahua misses you. Xtahua completely misses you. x2
As you read the scroll of teleportation {@r4}, it crumbles to dust.
You feel strangely unstable.
You are engulfed in blazing flames.
You resist.
* * * LOW HITPOINT WARNING * * *
The brown very ugly thing engulfs you!!
* * * LOW HITPOINT WARNING * * *
You are splashed with acid.
You resist.
You die...
Fedhas appreciates your contribution to the ecosystem.

Skill      XL: |  1  2  3  4  5  6  7  8  9 10 11 12 13 14 15 16 17 18 19 20 |
---------------+-------------------------------------------------------------+-----
Dodging        | 2 3 4 5 6 7 10 12 13 14 15 16 17 18 | 18.1
Ranged Weapons | 4 5 6 7 9 10 11 12 13 15 16 17 18 | 18.0
Fighting       | 3 4 5 6 7 8 9 10 11 12 13 15 17 18 19 | 19.1
Invocations    | 3 5 6 8 10 11 12 13 15 | 15.0
Stealth        | |  0.7

Action                     |  1- 3 |  4- 6 |  7- 9 | 10-12 | 13-15 | 16-18 | 19-21 || total
---------------------------+-------+-------+-------+-------+-------+-------+-------++-------
  Melee: Arbalest          |       |       |       |       |       |     7 |       ||     7
   Fire: Shortbow          |   136 |       |       |       |       |       |       ||   136
         Arbalest          |     1 |    57 |   171 |   498 |  1433 |  1527 |   904 ||  4591
 Invoke: Wall of Briars    |       |       |       |    16 |    41 |    62 |    42 ||   161
         Grow Ballistomyce |       |       |       |     4 |     1 |       |     4 ||     9
         Grow Oklob        |       |       |       |       |     1 |     4 |     1 ||     6
         Overgrow          |       |       |       |       |       |     3 |     3 ||     6
    Use: Scroll            |     3 |     3 |     1 |    11 |     6 |    14 |     7 ||    45
 Armour: Leather armour    |    17 |     4 |    17 |    69 |   141 |   279 |    51 ||   578
         Troll leather arm |       |       |       |       |    56 |    24 |       ||    80
  Dodge: Dodged            |    39 |    13 |    65 |   222 |   634 |  1194 |   551 ||  2718
  Block: Other             |       |       |       |       |       |       |   102 ||   102
         Reflection        |       |       |       |       |       |       |    10 ||    10

Levels and vault maps discovered:
D:1:      dpeg_arrival_short_road, layout_basic
D:2:      layout_loops_cross, shapermc_ecumenical_altar_flowoftime
D:3:      layout_basic, nicolae_vehumet_altar_sigil, uniq_grinder
D:4:      layout_loops_ring
D:5:      layout_loops_ring, minmay_temple_entry_sparse_star
D:6:      layout_basic, worldfamousw_hep_ancestral_shrine, hex_intersection,
          chequers_serial_rivers_small_a
D:7:      layout_basic, minmay_fountain_box, minmay_manual_mares, uniq_joseph
D:8:      layout_rooms, xom_redecorated, mainiacjoe_overflow_catch_the_wave,
          kennysheep_big_empty_room, uniq_prince_ribbit1
D:9:      layout_roguey [special_room_orc], small_statue_intersection,
          uniq_maggie
D:10:     layout_cave_pools, lair_entry_dummy, serial_park_tiny_2,
          nzn_life_drinkers
D:11:     minmay_diamond_stairs, layout_grid_maze, jiyva_altar_1
D:12:     layout_grid_maze, orc_0_dummy, serial_ice, serial_ice_l, serial_ice_h,
          serial_ice_o, serial_ice_d, portal_ice_cave_entry_ice_simulacra,
          serial_shops, nicolae_shop_stone, uniq_kirke, uniq_sonja, uniq_fannar
D:13:     layout_stronghold, erik_vaults_1
D:14:     layout_long_grid, minmay_stone_trees_small, uniq_josephine, uniq_lodul
D:15:     grunt_enter_depths_magical_seal, layout_loops_corners,
          serial_park_tiny_pond, chequers_serial_rivers_small_a,
          nicolae_transporter_circle, uniq_agnes
Temple:   bh_familiar_temple
Lair:1:   layout_gridlike, cheibrodos_lair_caveside_slide
Lair:2:   layout_layer_cave, serial_forest, infiniplex_forest_straight_5,
          infiniplex_forest_lined_2, infiniplex_forest_lined_ring,
          infiniplex_forest_lined_2, infiniplex_forest_join,
          serial_bayou_pond_b, beast_lair_carwin_5, grunt_megastairs_5,
          infiniplex_staircase_pool_2
Lair:3:   layout_regular_city, minmay_swamp_entry_swarm,
          spider_nest_entry_funnel_web, uniq_amaemon
Lair:4:   layout_small_grid, slime_entry_2, gauntlet_entry_generic,
          grunt_megastairs_2
Lair:5:   minmay_lair_end_enchanted_forest, layout_gridlike
Swamp:1:  layout_basic_swamp, nicolae_swamp_well_well_well,
          infiniplex_staircase_pool
Swamp:2:  layout_basic_swamp, lemuel_altar_in_water,
          nicolae_swamp_necromancy_gone_wrong
Swamp:3:  layout_basic_swamp, serial_swamp_ruin, evilmike_swamp_ruin_house_1,
          evilmike_swamp_ruin_house_3, evilmike_swamp_ruin_house_6,
          nicolae_swamp_tree_designs
Swamp:4:  swamp_old_school, layout_basic_swamp
Spider:1: layout_spider_delve, hangedman_spider_tarantella_strand
Spider:2: layout_spider_delve
Spider:3: layout_chambers, uniq_nikola
Spider:4: guppyfry_spider_rune
Orc:1:    layout_caves, uniq_erica, uniq_maurice
Orc:2:    st_orc_ogre_mass, layout_caves, serial_shops, nicolae_shop_trees,
          uniq_donald
Elf:1:    elf_arrival_002, layout_gridlike, special_room [special_room_orc],
          hangedman_elven_crosses_minicolossus, nicolae_shop_firing_range,
          grunt_megastairs_4
Elf:2:    nicolae_elf_blades_splatter_lattice [mumra_blade_entry_bloodbath],
          layout_geoelf_diagonals, kb_rosetta
Elf:3:    minmay_elf_hall_curves, layout_geoelf_octagon, serial_shops,
          nicolae_shop_behind_doors, drop_trap
Vaults:1: grunt_vaults_bifocal, v_misc_15, vaults_room_hallway,
          kennysheep_vaults_gozag_temple, v_alt_pattern_4,
          nicolae_vaults_shelves_hall, ontoclasm_vaults_claustrophobia,
          vaults_room_grunt_arrival_checkpoint, v_misc_9, v_misc_26,
          grunt_vaults_hallway_long, vaults_room_grunt_arrival_ludios,
          nicolae_vaults_circle_grid_a, ontoclasm_vaults_twist,
          layout_vaults_maze, uniq_aizul, uniq_zenata
Vaults:2: v_misc_14, hellmonk_guarded_unrand_gong, ontoclasm_vaults_misaligned,
          vaults_room_large_hall, hangedman_vaults_stream,
          vaults_room_door_ring, nicolae_vaults_what_the_h,
          nicolae_vaults_diagonal_hallway_8, layout_vaults_chaotic_city,
          minmay_crypt_entry_simple_corners, uniq_bai_suzhen, uniq_asterion,
          uniq_mennas, uniq_mara
Vaults:3: v_misc_31, ontoclasm_vaults_idyll, vaults_room_pool,
          vaults_room_octagon, nicolae_vaults_network_barrier,
          vaults_room_semicircle, v_pattern_1, layout_vaults_omnigrid,
          uniq_xtahua
Vaults:4: hangedman_vaults_nails, grunt_vaults_hallway_long, v_misc_27,
          ontoclasm_vaults_shuriken, ontoclasm_vaults_gateway,
          hangedman_vaults_slice, v_misc_4, v_misc_17,
          nicolae_vaults_network_star, hangedman_vaults_impose,
          ontoclasm_vaults_ring_large, grunt_vaults_focal, vaults_room_hallway,
          hangedman_vaults_slice, v_alt_pattern_1, vaults_mumra_lcd,
          layout_vaults_omnibox, uniq_boris

Notes
Turn   | Place    | Note
-------+----------+-------------------------------------------
     0 | D:1      | Sobieck the Mummy Hunter began the quest for the Orb.
     0 | D:1      | Reached XP level 1. HP: 16/16 MP: 1/1
   171 | D:1      | Reached XP level 2. HP: 22/22 MP: 2/2
   648 | D:1      | You pick up a book of Party Tricks and begin reading...
   648 | D:1      | You add the spells Apportation and Alistair's Intoxication
                  | to your library.
   801 | D:1      | Reached skill level 2 in Dodging
   801 | D:1      | Gained mutation: You are in touch with the powers of death.
                  | [Mummy growth]
   801 | D:1      | Reached XP level 3. HP: 28/28 MP: 3/3
  1022 | D:2      | Found a faded altar of an unknown god.
  1560 | D:3      | You add the spells Blink and Manifold Assault to your
                  | library.
  1582 | D:3      | Found a radiant altar of Vehumet.
  1602 | D:3      | Noticed a phantom
  1635 | D:3      | Identified a scroll of acquirement
  1635 | D:3      | HP: 2/28 [phantom (6)]
  1742 | D:2      | Acquired the +7 arbalest "Wotetimi" {drain, *Corrode rC+
                  | Int+5}
  1765 | D:3      | Reached skill level 4 in Ranged Weapons
  1765 | D:3      | Reached XP level 4. HP: 34/34 MP: 4/4
  1871 | D:3      | Identified the +7 war axe of Paleenk {holy, Fly rCorr Dex-2
                  | Stlth+}
  1886 | D:3      | Noticed Grinder
  1992 | D:3      | Killed a phantom
  1993 | D:3      | Reached skill level 3 in Fighting
  1993 | D:3      | Reached XP level 5. HP: 37/41 MP: 5/5
  2037 | D:3      | You pick up a book of Geomancy and begin reading...
  2037 | D:3      | You add the spells Sandblast, Passwall and Stone Arrow to
                  | your library.
  3148 | D:4      | Noticed an ogre
  3148 | D:4      | Noticed an ogre
  3207 | D:4      | Killed an ogre
  3208 | D:4      | Reached skill level 5 in Ranged Weapons
  3208 | D:4      | Reached skill level 3 in Dodging
  3208 | D:4      | Reached XP level 6. HP: 48/48 MP: 6/6
  3523 | D:4      | Reached skill level 4 in Fighting
  3550 | D:4      | Reached XP level 7. HP: 54/54 MP: 7/7
  4001 | D:5      | Entered Level 5 of the Dungeon
  4265 | D:5      | Reached skill level 6 in Ranged Weapons
  4647 | D:5      | Reached skill level 4 in Dodging
  4722 | D:5      | Reached skill level 5 in Fighting
  4722 | D:5      | Reached XP level 8. HP: 62/62 MP: 8/8
  4791 | D:5      | Found a staircase to the Ecumenical Temple.
  4838 | Temple   | Entered the Ecumenical Temple
  4980 | Temple   | Became a worshipper of Fedhas Madash
  5359 | D:6      | Reached skill level 7 in Ranged Weapons
  5604 | D:6      | Found a hazy altar of Hepliaklqana.
  5756 | D:6      | Reached skill level 6 in Fighting
  5843 | D:6      | Reached skill level 5 in Dodging
  5975 | D:6      | Reached XP level 9. HP: 69/69 MP: 9/9
  6007 | D:6      | Reached skill level 1 in Invocations
  6013 | D:6      | Reached * piety under Fedhas
  6018 | D:6      | Reached skill level 8 in Ranged Weapons
  6346 | D:7      | Reached skill level 2 in Invocations
  6464 | D:7      | Noticed Joseph
  6702 | D:7      | Reached skill level 7 in Fighting
  6970 | D:7      | Reached skill level 3 in Invocations
  7095 | D:8      | Reached skill level 6 in Dodging
  7179 | D:8      | Reached skill level 9 in Ranged Weapons
  7287 | D:8      | Reached XP level 10. HP: 79/79 MP: 12/12
  7336 | D:8      | Reached ** piety under Fedhas
  7359 | D:8      | Found a shimmering altar of Xom.
  7379 | D:8      | Noticed Prince Ribbit
  7385 | D:8      | Killed Prince Ribbit
  7655 | D:8      | Found a sparkling altar of Nemelex Xobeh.
  7681 | D:8      | Noticed a two-headed ogre
  7686 | D:8      | Killed a two-headed ogre
  7687 | D:8      | Reached skill level 4 in Invocations
  7694 | D:8      | Found a stormy altar of Qazlal.
  7760 | D:8      | Found a shimmering altar of Xom.
  7761 | D:8      | Found a shimmering altar of Xom.
  7761 | D:8      | Found a shimmering altar of Xom.
  7761 | D:8      | Found a shimmering altar of Xom.
  7763 | D:8      | Found a shimmering altar of Xom.
  7763 | D:8      | Found a shimmering altar of Xom.
  8032 | D:9      | Reached *** piety under Fedhas
  8430 | D:9      | Noticed Maggie
  8431 | D:9      | Noticed a two-headed ogre
  8454 | D:9      | Killed a two-headed ogre
  8455 | D:9      | Reached skill level 8 in Fighting
  8607 | D:9      | Killed Maggie
  8608 | D:9      | Reached skill level 10 in Ranged Weapons
  8816 | D:9      | Reached **** piety under Fedhas
  8982 | D:10     | Entered Level 10 of the Dungeon
  9215 | D:10     | Noticed a sun demon
  9331 | D:9      | Reached skill level 5 in Invocations
  9331 | D:9      | Reached XP level 11. HP: 80/87 MP: 14/14
  9363 | D:10     | Found a staircase to the Lair.
  9565 | D:9      | Reached skill level 7 in Dodging
 10374 | D:11     | Found a viscous altar of Jiyva.
 10655 | D:11     | Noticed an orc knight
 10660 | D:11     | Noticed an orc knight
 10706 | D:11     | Killed an orc knight
 10716 | D:11     | Killed an orc knight
 10860 | Lair:1   | Entered Level 1 of the Lair of Beasts
 11141 | Lair:1   | Reached skill level 9 in Fighting
 11277 | Lair:1   | Noticed a catoblepas
 11292 | Lair:1   | Killed a catoblepas
 11293 | Lair:1   | Reached skill level 11 in Ranged Weapons
 11293 | Lair:1   | Reached skill level 6 in Invocations
 11962 | Lair:2   | Reached XP level 12. HP: 63/96 MP: 16/16
 12155 | Lair:2   | Reached skill level 8 in Dodging
 12467 | Lair:2   | Got the Papyrus of Peccant Transition
 12744 | Lair:2   | Noticed a six-headed hydra
 12756 | Lair:2   | Killed a six-headed hydra
 13336 | Lair:3   | Reached skill level 7 in Invocations
 13365 | Lair:2   | Reached skill level 12 in Ranged Weapons
 13387 | Lair:2   | Reached skill level 10 in Fighting
 13889 | Lair:3   | Reached skill level 9 in Dodging
 13890 | Lair:3   | Reached skill level 8 in Invocations
 13979 | Lair:3   | Noticed a six-headed hydra
 13986 | Lair:3   | Killed a six-headed hydra
 14028 | Lair:3   | Found a hole to the Spider Nest.
 14154 | Lair:3   | Noticed Amaemon
 14184 | Lair:3   | Killed Amaemon
 14185 | Lair:3   | Reached skill level 10 in Dodging
 14312 | Lair:3   | Found a staircase to the Swamp.
 14444 | Lair:4   | Noticed a four-headed hydra
 14448 | Lair:4   | Killed a four-headed hydra
 14449 | Lair:4   | Gained mutation: You are strongly in touch with the powers
                  | of death. [Mummy growth]
 14449 | Lair:4   | Reached XP level 13. HP: 103/103 MP: 19/19
 14664 | Lair:4   | Reached skill level 11 in Dodging
 14907 | Lair:4   | Found a runed translucent door.
 14907 | Lair:4   | Found a viscous altar of Jiyva.
 14908 | Lair:4   | Noticed an acid blob
 14984 | Lair:4   | Reached ***** piety under Fedhas
 15047 | Lair:4   | Reached skill level 12 in Dodging
 15257 | Lair:4   | You pick up a book of Alchemy and begin reading...
 15257 | Lair:4   | You add the spells Petrify and Irradiate to your library.
 15423 | Lair:4   | Found a staircase to the Slime Pits.
 15539 | Lair:5   | Entered Level 5 of the Lair of Beasts
 15611 | Lair:5   | You add the spells Sting, Sticky Flame and Iskenderun's
                  | Battlesphere to your library.
 15611 | Lair:5   | Got the Anthology of Wounds and Therianthropy
 16173 | Lair:5   | Reached XP level 14. HP: 111/111 MP: 20/20
 16200 | Lair:5   | You pick up a book of Transfigurations {@e2} and begin
                  | reading...
 16482 | Lair:5   | Reached skill level 9 in Invocations
 16553 | Lair:5   | Reached ****** piety under Fedhas
 16592 | Lair:5   | Reached skill level 11 in Fighting
 16978 | Lair:5   | Reached skill level 13 in Ranged Weapons
 17255 | Lair:5   | You pick up a book of Debilitation and begin reading...
 17255 | Lair:5   | You add the spells Slow, Vampiric Draining and Confusing
                  | Touch to your library.
 17931 | D:3      | Killed Grinder
 18039 | D:7      | Killed Joseph
 19048 | D:12     | Noticed Kirke
 19079 | D:11     | Killed Kirke
 19206 | D:12     | Noticed Fannar
 19220 | D:12     | Killed Fannar
 19264 | D:12     | Found Xiewuopt's Armour Shop.
 19272 | D:12     | Bought a +3 leather armour of fire resistance for 336 gold
                  | pieces
 19293 | D:12     | Found a frozen archway.
 19343 | IceCv    | Entered an ice cave
 19553 | IceCv    | Reached skill level 13 in Dodging
 19566 | IceCv    | Found an ancient bone altar of Kikubaaqudgha.
 19598 | IceCv    | You pick up a book of Ice and begin reading...
 19598 | IceCv    | You add the spells Freezing Cloud, Simulacrum and Polar
                  | Vortex to your library.
 20268 | IceCv    | a +0 executioner's axe of freezing {axerare=g}; a +0 robe
 20361 | IceCv    | You add the spells Hailstorm, Anguish and Infestation to
                  | your library.
 20361 | IceCv    | Got the Incunabulum of Lethal Snow
 20402 | IceCv    | a +0 executioner's axe of freezing {axerare=g}; a +0 robe
 20402 | IceCv    | a +0 executioner's axe of freezing {axerare=g}; a +0 robe
 20402 | IceCv    | Could not pick up a +0 executioner's axe of freezing
                  | {axerare=g} here; ([A]lways) ignore it?
 20481 | D:12     | Found a staircase to the Orcish Mines.
 20782 | D:11     | Reached skill level 10 in Invocations
 20876 | D:12     | Reached XP level 15. HP: 102/120 MP: 18/22
 20904 | D:12     | Noticed Sonja
 20920 | D:12     | Killed Sonja
 21602 | Orc:1    | Entered Level 1 of the Orcish Mines
 21602 | Orc:1    | Noticed Erica
 21603 | Orc:1    | Noticed Maurice
 21605 | Orc:1    | Killed Erica
 21610 | Orc:1    | Reached skill level 12 in Fighting
 21717 | Orc:1    | Killed Maurice
 22212 | Orc:2    | Entered Level 2 of the Orcish Mines
 22212 | Orc:2    | Noticed Donald
 22397 | Orc:1    | HP: 15/120 [Donald/+6 scimitar of protection (43)]
 22419 | Orc:1    | Killed Donald
 22420 | Orc:1    | Reached skill level 14 in Ranged Weapons
 22509 | Orc:2    | Found a staircase to the Elven Halls.
 22985 | Orc:2    | Found Baohiqoa's Distillery.
 23621 | Orc:2    | Found Plog's Armour Shoppe.
 23621 | Orc:2    | Found Zoqaeg's Book Boutique.
 23641 | Orc:2    | Found Ciusm's Weapon Shop.
 23641 | Orc:2    | Found Goteatio's Distillery.
 24260 | D:13     | You pick up a book of Misfortune and begin reading...
 24260 | D:13     | You add the spells Yara's Violent Unravelling and Enfeeble
                  | to your library.
 24313 | D:13     | Found a gate to the Vaults.
 24754 | D:14     | Noticed Lodul
 24766 | D:14     | Killed Lodul
 25077 | D:14     | Noticed Josephine
 25093 | D:14     | Killed Josephine
 25565 | D:15     | Entered Level 15 of the Dungeon
 25626 | D:15     | Reached skill level 11 in Invocations
 25629 | D:15     | Found a staircase to the Depths.
 25644 | D:15     | Reached skill level 15 in Ranged Weapons
 25791 | D:15     | Found a transporter.
 25796 | D:15     | Found a transporter.
 26029 | D:15     | Found a transporter.
 26031 | D:15     | Found a transporter.
 26035 | D:15     | Noticed Agnes
 26301 | D:15     | Reached XP level 16. HP: 129/129 MP: 24/24
 26320 | D:15     | HP: 19/129 [Agnes/+4 lajatang of speed (20)]
 26320 | D:15     | Killed Agnes
 26321 | D:15     | Reached skill level 13 in Fighting
 26799 | Spider:1 | Entered Level 1 of the Spider Nest
 27675 | Spider:1 | Reached skill level 14 in Dodging
 28473 | Spider:2 | Identified the +2 leather armour "Anunel" {rF+ Regen+}
 28789 | Spider:2 | You add the spells Gell's Gravitas, Teleport Other and
                  | Dispersal to your library.
 29886 | Spider:3 | Reached skill level 16 in Ranged Weapons
 30308 | Spider:3 | Noticed Nikola
 30322 | Spider:3 | Killed Nikola
 30576 | Spider:4 | Entered Level 4 of the Spider Nest
 30704 | Spider:3 | HP: 32/132 [wolf spider (16)]
 30704 | Spider:3 | HP: 14/132 [wolf spider (2)]
 30883 | Spider:3 | Reached skill level 12 in Invocations
 31444 | Spider:4 | Reached XP level 17. HP: 138/138 MP: 26/26
 31474 | Spider:4 | Reached skill level 14 in Fighting
 32196 | Swamp:1  | Entered Level 1 of the Swamp
 32580 | Swamp:1  | You pick up a book of Dreams and begin reading...
 32816 | Swamp:2  | Found a sacrificial altar of Ru.
 33517 | Swamp:2  | You add the spells Animate Dead, Dispel Undead and Death
                  | Channel to your library.
 33517 | Swamp:2  | Got the Elucidation of Reanimation Made Easy
 34345 | Swamp:2  | Reached skill level 17 in Ranged Weapons
 34820 | Swamp:3  | Reached skill level 15 in Dodging
 35247 | Swamp:4  | Entered Level 4 of the Swamp
 35376 | Swamp:4  | Acquired a +6 ring of dexterity
 36289 | Swamp:4  | Noticed the 27-headed Lernaean hydra
 36362 | Swamp:3  | Killed the 27-headed Lernaean hydra
 36462 | Swamp:4  | Reached skill level 15 in Fighting
 36493 | Swamp:4  | Identified the +0 buckler of the Moon {Contam rF+ rN+
                  | Int+2}
 36770 | Swamp:4  | Got a decaying rune of Zot
 37357 | Vaults:1 | Entered Level 1 of the Vaults
 37652 | Vaults:1 | Noticed Zenata
 37660 | Vaults:1 | Killed Zenata
 37780 | Vaults:1 | Reached XP level 18. HP: 131/149 MP: 27/27
 38130 | Vaults:1 | Found Gozag's Antique Armour Boutique.
 38357 | Vaults:1 | Found an opulent altar of Gozag.
 38360 | Vaults:1 | Bought a translucent helmet for 950 gold pieces
 38360 | Vaults:1 | Identified the +0 helmet "Udilyepnyo" {rElec Regen+ rCorr}
                  | (You bought it in a shop on level 1 of the Vaults)
 38502 | Elf:1    | Entered Level 1 of the Elven Halls
 38540 | Elf:1    | Found Biohu's Firing Range.
 38551 | Elf:1    | You fall into a shaft and drop 1 floor!
 38591 | Elf:2    | You pick up a book of Sloth and begin reading...
 38767 | Elf:1    | Reached skill level 18 in Ranged Weapons
 38908 | Elf:1    | You add the spells Scorch, Summon Cactus Giant and
                  | Spellforged Servitor to your library.
 38908 | Elf:1    | Got the Quarto of Combined Accelerants
 39430 | Elf:1    | Reached skill level 16 in Fighting
 39547 | Elf:1    | Reached skill level 16 in Dodging
 40321 | Elf:2    | Found a runed translucent gate.
 40321 | Elf:2    | Found a runed translucent gate.
 40321 | Elf:2    | Found a runed translucent gate.
 40326 | Elf:2    | Identified the +2 dagger of Hecsas {heavy, +Blink rC+++
                  | Will+ Int-4 SInv}
 40632 | Elf:3    | Entered Level 3 of the Elven Halls
 40665 | Elf:3    | Identified the ring of Finality {Fly Dex+4}
 40838 | Elf:3    | Paralysed by an air elemental for 1 turns
 40945 | Elf:3    | Found Nomewuvi's Weapon Emporium.
 41256 | Elf:3    | Noticed a Tzitzimitl
 41887 | Elf:3    | Reached skill level 17 in Fighting
 41917 | Elf:3    | Reached XP level 19. HP: 161/161 MP: 28/28
 42086 | Elf:3    | Identified the ring "Licuat" {Fly rCorr Int+2}
 42103 | Elf:3    | Noticed a Tzitzimitl
 42132 | Elf:3    | Reached skill level 17 in Dodging
 42206 | Elf:3    | Identified the +5 leather armour "Xybiw" {rElec rC+}
 42297 | Elf:3    | Identified the +0 fire dragon scales of the Eternal Fruit
                  | {Rampage Fly rF++ rC- Dex+2}
 42330 | Elf:3    | Identified the +5 halberd of Yredelemnul's Favour {drain,
                  | MP+9 Str+2}
 42518 | Elf:3    | Identified the +6 dagger of Immorality {spect, rCorr Dex+2}
 42583 | Elf:3    | You pick up a book of the Tundra and begin reading...
 42587 | Elf:3    | Identified the +1 triple crossbow "Atyux" {freeze, Dex+2}
 42591 | Elf:3    | Identified the staff of fire "Hefossig" {rF+ Dex+2}
 42604 | Elf:3    | You pick up a book of Touch and begin reading...
 44578 | Spider:4 | Identified the +2 pair of gloves of the Saviour {rPois
                  | Will+ Str+3}
 44733 | Spider:4 | Got a gossamer rune of Zot
 45764 | Vaults:1 | Found Gozag's Antique Armour Shop.
 45790 | Vaults:1 | Found Gozag's Antique Weapon Shop.
 45880 | Vaults:1 | Noticed Aizul
 45888 | Vaults:1 | Reached skill level 13 in Invocations
 45890 | Vaults:1 | Killed Aizul
 46136 | Vaults:1 | Identified the staff of poison "Him Xot" {rPois rC++ Str+3
                  | Int+2}
 46562 | Vaults:1 | Reached skill level 18 in Fighting
 47213 | Vaults:2 | Reached XP level 20. HP: 170/170 MP: 30/30
 47293 | Vaults:2 | Noticed Asterion
 47301 | Vaults:2 | Killed Asterion
 47464 | Vaults:2 | Reached skill level 18 in Dodging
 47504 | Vaults:2 | Noticed Bai Suzhen
 47523 | Vaults:2 | Killed Bai Suzhen
 47524 | Vaults:2 | Reached skill level 14 in Invocations
 47782 | Vaults:2 | Noticed Mennas
 47783 | Vaults:2 | Noticed Mara
 48294 | Vaults:2 | Killed Mennas
 48367 | Vaults:2 | Found a staircase to the Crypt.
 48499 | Vaults:2 | Noticed Sobieck's illusion
 48593 | Vaults:2 | Reached skill level 15 in Invocations
 48876 | Vaults:2 | Found the +18 shield of the Gong {Loud rN+ Will+ rCorr
                  | EV-5}
 48903 | Vaults:2 | Noticed Sobieck's illusion
 48909 | Vaults:2 | Killed Mara
 49890 | Vaults:3 | You pick up a book of Debilitation and begin reading...
 49896 | Vaults:3 | You fall into a shaft and drop 1 floor!
 49979 | Vaults:4 | Reached skill level 19 in Fighting
 50552 | Vaults:3 | Noticed Xtahua
 50565 | Vaults:3 | HP: 43/174 [Xtahua (22)]
 50568 | Vaults:3 | HP: 17/174 [Xtahua] (10)]
 50568 | Vaults:3 | HP: 2/174 [brown very ugly thing[a boggart] (18)]
 50568 | Vaults:3 | Splashed by a brown very ugly thing's acid

Vanquished Creatures
  Mara (Vaults:2)
  Mennas (Vaults:2)
  Bai Suzhen (Vaults:2)
  the Lernaean hydra (Swamp:3)
  Nikola (Spider:3)
  2 deep elf blademasters (Elf:3)
  2 deep elf master archers (Elf:3)
  Kirke (D:11)
  Donald (Orc:1)
  5 vault wardens
  2 frost giants
  6 deep elf sorcerers
  7 emperor scorpions
  Aizul (Vaults:1)
  4 deep elf elementalists (Elf:3)
  2 ghost moths
  2 orc warlords
  9 ironbound preservers
  A stone giant (Vaults:2)
  2 war gargoyles
  7 very ugly things
  5 broodmothers
  An ironbound thunderhulk (Vaults:2)
  5 deep elf demonologists (Elf:3)
  6 eleionomae
  7 deep elf annihilators
  20 dire elephants
  4 bunyips
  2 ettins
  4 deep elf death magi
  3 entropy weavers
  5 yaktaur captains
  4 deep elf high priests (Elf:3)
  A jiangshi (Vaults:2)
  Josephine (D:14)
  6 great orbs of eyes
  Fannar (D:12)
  2 peacekeepers
  4 vault guards (Vaults:1)
  4 catoblepae
  17 hydras
  2 radroaches (Spider:2)
  2 ghost crabs
  18 two-headed ogres
  9 centaur warriors
  4 ogre magi (Orc:2)
  A jorogumo (Spider:2)
  6 boulder beetles
  Erica (Orc:1)
  22 dancing weapons
  4 ironbound frosthearts
  A tengu warrior (D:14)
  8 alligators
  7 death yaks
  2 orc high priests
  9 deep elf knights
  Sonja (D:12)
  Amaemon (Lair:3)
  A pharaoh ant (Spider:2)
  A skeletal warrior (D:11)
  4 skysharks
  A sun moth (Spider:4)
  Lodul (D:14)
  3 goliath frogs (Swamp:3)
  A sea snake (shapeshifter) (D:15)
  9 swamp dragons (Swamp:4)
  A glowing orange brain (Vaults:1)
  11 deep trolls (Vaults:1)
  7 bog bodies
  6 orb spiders
  2 lindwurms (Vaults:2)
  6 ironbound convokers
  8 deep elf archers
  3 spriggan druids
  A swamp dragon (shapeshifter) (Elf:2)
  2 wizards
  5 steelbarb worms
  2 phantasmal warriors
  3 necromancers
  17 deep elf zephyrmancers
  13 orc knights
  31 deep elf pyromancers
  16 ugly things
  A wolf spider zombie (D:15)
  3 orc sorcerers
  29 wolf spiders
  2 manticores
  2 will-o-the-wisps (Swamp:3)
  2 cyclopes
  7 elephants (Lair:4)
  2 centaur zombies (D:15)
  3 black mambas (Lair:5)
  4 moths of wrath
  7 vault sentinels
  An ice statue (IceCv)
  Joseph (D:7)
  7 demonic crawlers
  An orange demon (Lair:3)
  13 cane toads
  A centaur skeleton (D:15)
  2 naga magi (D:15)
  5 torpor snails
  2 gargoyles
  Maggie (D:9)
  14 yaktaurs
  An anaconda simulacrum (IceCv)
  A kobold demonologist (D:9)
  7 komodo dragons
  An efreet (D:15)
  3 rime drakes (Lair:4)
  9 freezing wraiths
  11 ice devils (IceCv)
  6 trolls
  3 hydra zombies (Swamp:2)
  9 tyrant leeches
  3 bloated husks
  14 hornets
  Grinder (D:3)
  5 polar bears
  Prince Ribbit (D:8)
  16 dream sheep
  17 blink frogs
  26 slime creatures
  18 tarantellas
  A tarantella (shapeshifter) (Elf:2)
  19 jumping spiders
  22 spriggans
  2 wyverns
  A flying skull (Vaults:2)
  45 yaks
  12 culicivoras
  A spriggan (shapeshifter) (D:14)
  5 air elementals
  6 wraiths
  A wyvern (shapeshifter) (Elf:2)
  3 hogs
  6 water elementals
  2 vampires
  3 basilisks
  2 fire elementals
  A steam dragon (D:8)
  48 redbacks
  8 vampire mosquitoes
  5 death yak simulacra
  3 harpy simulacra (IceCv)
  2 wargs (Orc:1)
  11 swamp worms
  4 acid dragons
  18 water moccasins
  21 orc warriors
  A sky beast (D:7)
  8 swamp drakes
  4 ice beasts
  6 black bears
  35 ogres
  22 wolves
  5 boggarts
  3 phantoms
  20 centaurs
  2 kobold brigands (D:8)
  14 bullfrogs
  A two-headed ogre simulacrum (D:12)
  3 earth elementals
  3 cane toad simulacra (IceCv)
  3 wights (D:8)
  4 scorpions
  12 killer bees
  2 elephant simulacra (IceCv)
  6 howler monkeys
  5 electric eels
  17 orc priests
  3 hounds
  A gnoll bouda (D:8)
  4 jellies
  3 iguanas (D:5)
  23 orc wizards
  7 hell rats (Lair:5)
  3 troll simulacra
  A spriggan simulacrum (IceCv)
  7 polar bear simulacra (IceCv)
  A boggart skeleton (D:15)
  5 wolf simulacra
  6 gnolls
  6 adders
  5 naga simulacra
  3 white imps
  4 ufetubi
  3 worms
  4 dart slugs
  94 orcs
  2 bats
  7 endoplasms
  5 giant cockroaches
  6 goblins
  5 hobgoblins
  14 kobolds
  4 quokkas
  3 training dummies (Elf:1)
  4 ball pythons
  4 frilled lizards
  5 rats
1346 creatures vanquished.

Vanquished Creatures (collateral kills)
  Zenata (Vaults:1)
  Asterion (Vaults:2)
  Agnes (D:15)
  A deep elf elementalist (Elf:3)
  A deep elf sorcerer (Elf:3)
  An ironbound preserver (Vaults:1)
  A spark wasp (Spider:3)
  A dire elephant (Vaults:1)
  A yaktaur captain (Vaults:2)
  A hydra (Swamp:1)
  A jorogumo (Spider:2)
  A centaur warrior (D:11)
  A dancing weapon (Elf:2)
  A deep troll (Vaults:1)
  An orc knight (Elf:1)
  5 ugly things
  Maurice (Orc:1)
  An elephant (Lair:4)
  2 unseen horrors
  A tarantella (Spider:1)
  A centaur simulacrum (D:12)
  A hog (D:11)
  A yak (Lair:2)
  3 redbacks (Spider:1)
  A vampire mosquito (Lair:3)
  2 ogres
  A bullfrog (Lair:2)
  A troll simulacrum (D:12)
  16 orcs
  31 ballistomycete spores
83 creatures vanquished.

Vanquished Creatures (others)
  5 thorn hunters
  An eleionoma (Swamp:1)
  A bunyip (Swamp:4)
  A shambling mangrove (Swamp:4)
  2 hydras (Swamp:4)
  A goliath frog (Swamp:4)
  A wizard (Vaults:3)
  A spriggan druid (Swamp:4)
  3 swamp dragons (Swamp:4)
  A will-o-the-wisp (Swamp:1)
  2 bloated husks
  2 hornets (Swamp:4)
  3 tyrant leeches
  2 spriggans
  3 swamp drakes
  2 ballistomycete spores
  2 briar patches (Swamp:4)
  7 foxfires (Swamp:3)
  30 fungi
  34 plants
104 creatures vanquished.

Grand Total: 1533 creatures vanquished

Table legend:
 A = Non-vault XP
 B = Vault XP
 C = Vault XP percentage of total XP
 D = Non-vault monster count
 E = Vault monster count
 F = Vault count percentage of total count
                 A         B        C        D         E       F
            +---------+---------+-------+---------+---------+-------
      Total |  302709 |  244310 |  44.7 |     925 |     477 |  34.0
            +---------+---------+-------+---------+---------+-------
        D:1 |      43 |       0 |   0.0 |      24 |       0 |   0.0
        D:2 |      40 |       0 |   0.0 |      13 |       0 |   0.0
        D:3 |     193 |     286 |  59.7 |      15 |       1 |   6.2
        D:4 |     550 |       0 |   0.0 |      27 |       0 |   0.0
        D:5 |     810 |       0 |   0.0 |      26 |       0 |   0.0
        D:6 |    2005 |       0 |   0.0 |      22 |       0 |   0.0
        D:7 |    1833 |     680 |  27.1 |      16 |       3 |  15.8
        D:8 |    2132 |     283 |  11.7 |      29 |       1 |   3.3
        D:9 |    2765 |     862 |  23.8 |      30 |      25 |  45.5
       D:10 |     968 |     190 |  16.4 |       6 |       1 |  14.3
       D:11 |    3073 |    7534 |  71.0 |      17 |      16 |  48.5
       D:12 |    3485 |    3051 |  46.7 |      14 |      20 |  58.8
       D:13 |    7223 |    1654 |  18.6 |      18 |       2 |  10.0
       D:14 |    5932 |    3212 |  35.1 |      18 |      13 |  41.9
       D:15 |    7209 |    6151 |  46.0 |      13 |      11 |  45.8
     Lair:1 |    3259 |     580 |  15.1 |      15 |       2 |  11.8
     Lair:2 |    5585 |    2393 |  30.0 |      20 |      10 |  33.3
     Lair:3 |    8609 |    2657 |  23.6 |      32 |       8 |  20.0
     Lair:4 |   13433 |    2565 |  16.0 |      31 |       7 |  18.4
     Lair:5 |   15972 |    8552 |  34.9 |      56 |      44 |  44.0
    Swamp:1 |   10769 |       0 |   0.0 |      23 |       0 |   0.0
    Swamp:2 |   12957 |     919 |   6.6 |      22 |       3 |  12.0
    Swamp:3 |   14839 |    2920 |  16.4 |      32 |       1 |   3.0
    Swamp:4 |    7575 |   10524 |  58.1 |      12 |      19 |  61.3
   Spider:1 |   18219 |     283 |   1.5 |      62 |       1 |   1.6
   Spider:2 |   11663 |       0 |   0.0 |      25 |       0 |   0.0
   Spider:3 |   22800 |    9479 |  29.4 |      45 |      11 |  19.6
   Spider:4 |    5844 |   12413 |  68.0 |      17 |      20 |  54.1
      Orc:1 |    3455 |    3595 |  51.0 |      32 |       5 |  13.5
      Orc:2 |    2139 |   18547 |  89.7 |      42 |      41 |  49.4
      Elf:1 |   11256 |   26154 |  69.9 |      16 |      53 |  76.8
      Elf:2 |   17062 |    3171 |  15.7 |      30 |       6 |  16.7
      Elf:3 |   15387 |   35135 |  69.5 |      31 |      31 |  50.0
   Vaults:1 |   25844 |   33760 |  56.6 |      34 |      35 |  50.7
   Vaults:2 |   25748 |   25085 |  49.3 |      37 |      23 |  38.3
   Vaults:3 |    9087 |    7638 |  45.7 |      20 |       9 |  31.0
   Vaults:4 |    2946 |    3916 |  57.1 |       3 |       4 |  57.1
      IceCv |       0 |   10121 | 100.0 |       0 |      51 | 100.0
            +---------+---------+-------+---------+---------+-------

Illustrated notes

Table legend:
 A = Kills in this place as a percentage of kills in the entire game.
 B = Kills by you in this place as a percentage of kills by you in the entire game.
 C = Kills by friends in this place as a percentage of kills by friends in the entire game.
 D = Other kills in this place as a percentage of other kills in the entire game.
 E = Experience gained in this place as a percentage of experience gained in the entire game.
 F = Experience gained in this place divided by the number of levels of this place that you have seen.
                   A       B       C       D       E      F
               +-------+-------+-------+-------+-------+----------------------
         Total | 100.0 | 100.0 | 100.0 | 100.0 | 100.0 | 14026.1
       Dungeon |  27.2 |  27.1 |  30.8 |   0.0 |  11.4 | 4144.3
          Lair |  16.0 |  16.4 |   7.7 |   0.0 |  11.6 | 12721.0
         Swamp |   8.0 |   8.0 |   1.9 |  60.0 |  11.1 | 15125.8
   Spider Nest |  12.9 |  13.0 |  11.5 |   0.0 |  14.8 | 20175.2
  Orcish Mines |   8.6 |   7.9 |  26.9 |   0.0 |   5.1 | 13868.0
   Elven Halls |  11.9 |  12.1 |   7.7 |   0.0 |  19.8 | 36055.0
        Vaults |  11.8 |  11.6 |  13.5 |  40.0 |  24.5 | 33506.0
      Ice Cave |   3.6 |   3.8 |   0.0 |   0.0 |   1.9 | 10121.0
               +-------+-------+-------+-------+-------+----------------------

Table legend: (Time is in decaauts)
 A = Elapsed time spent in this place.
 B = Non-inter-level travel time spent in this place.
 C = Inter-level travel time spent in this place.
 D = Time resting spent in this place.
 E = Time spent auto-exploring this place.
 F = Levels seen in this place.
 G = Mean time per level.
                   A        B        C        D        E       F      G
               +--------+--------+--------+--------+--------+-----+--------+
         Total |  52148 |  47370 |   4778 |   9814 |  20689 |  39 | 1337.1 |
       Dungeon |  17426 |  15856 |   1570 |   2276 |   9094 |  15 | 1161.7 |
        Temple |    160 |    113 |     47 |      0 |    110 |   1 |  160.0 |
          Lair |   7763 |   6796 |    967 |    423 |   3412 |   5 | 1552.6 |
         Swamp |   5299 |   4960 |    339 |   1661 |   2087 |   4 | 1324.8 |
   Spider Nest |   7544 |   6508 |   1036 |   1889 |   2187 |   4 | 1886.0 |
  Orcish Mines |   2191 |   2001 |    190 |    531 |    548 |   2 | 1095.5 |
   Elven Halls |   4547 |   4361 |    186 |   1212 |   1516 |   3 | 1515.7 |
        Vaults |   6009 |   5568 |    441 |   1403 |   1697 |   4 | 1502.2 |
      Ice Cave |   1206 |   1206 |      0 |    417 |     35 |   1 | 1206.0 |
               +--------+--------+--------+--------+--------+-----+--------+

Top non-repeatable levels by time:
Spider:3: 2644 daAuts
Vaults:1: 2368 daAuts
   Elf:3: 2330 daAuts
Vaults:2: 2203 daAuts
Spider:4: 2129 daAuts
  Lair:5: 2111 daAuts
Spider:1: 1978 daAuts
 Swamp:4: 1948 daAuts
  Lair:2: 1695 daAuts
    D:12: 1660 daAuts
     D:9: 1637 daAuts
    D:11: 1633 daAuts
 Swamp:3: 1566 daAuts
     D:3: 1506 daAuts
  Lair:3: 1481 daAuts
